 Dungeon Crawl Stone Soup version 0.27.1-4-g1640c2035a (webtiles) character file.

Game seed: 10678887217231947758

7 AarnesTheHuman the Skirmisher (level 2, 25/25 HPs)
             Began as a Barachi Fighter on Nov 1, 2021.
             Was a Follower of Makhleb.
             Got out of the dungeon alive.
             The game lasted 00:00:36 (277 turns).

AarnesTheHuman the Skirmisher (Barachi Fighter)      Turns: 277, Time: 00:00:36

Health: 25/25      AC:  7    Str: 17    XL:     2   Next: 4%
Magic:  2/2        EV:  7    Int:  8    God:    Makhleb [*.....]
Gold:   3          SH:  9    Dex: 11    Spells: 1/1 levels left

rFire    . . .     SeeInvis .   a - +0 long sword
rCold    . . .     Faith    .   c - +0 kite shield
rNeg     + . .     Spirit   .   b - +0 scale mail
rPois    .         Reflect  .   (no helmet)
rElec    .         Harm     .   (no cloak)
rCorr    .         Rampage  .   (no gloves)
Will     .....                  (no boots)
Stlth    ..........             (no amulet)
HPRegen  0.08/turn              f - ring of positive energy
MPRegen  0.08/turn              (no ring)

@: slow
A: amphibious, slowness 1, strong legs 1, +LOS
a: Hop, Renounce Religion


You escaped.
You worshipped Makhleb.
Makhleb was aware of your devotion.
You visited 1 branch of the dungeon, and saw 1 of its levels.

You collected 3 gold pieces.

Inventory:

Hand Weapons
 a - a +0 long sword (weapon)
Armour
 b - a +0 scale mail (worn)
 c - a +0 kite shield (worn)
Jewellery
 f - a ring of positive energy (left hand)
Scrolls
 e - a scroll of vulnerability {unknown}
Potions
 d - a potion of might


   Skills:
 + Level 3.8 Fighting
 + Level 2.6 Long Blades
 + Level 3.8 Armour
 + Level 3.4 Shields


You had one spell level left.
You didn't know any spells.
Your spell library was empty.

Dungeon Overview and Level Annotations

Branches:
Dungeon (1/15)

Altars:
Makhleb


Innate Abilities, Weirdness & Mutations

You are amphibious.
You cover ground slowly.
You can hop short distances.
You have an extended range of vision and can be seen from far away.


Message History

Things that are here:
a +0 whip; a stone
There is a dry fountain here.
You open the door.
There is an open door here.
Found a steel ring.
f - a ring of positive energy An endoplasm comes into view.
The endoplasm quivers.
An endoplasm is nearby!
The endoplasm hits you but does no damage.
The endoplasm freezes you.
You are frozen.
You hit the endoplasm.
You kill the endoplasm!
You have reached level 2!
f - a ring of positive energy (left hand)
You open the huge gate.
Found a faded altar of an unknown god.
There is a huge open gate here.
There is a huge open gate here.
There is a huge open gate here.
There is a huge open gate here.
Found 9 gold pieces.
Search for what [? for help]? altar
There is a huge open gate here.
There is a huge open gate here.
There is a faded altar of an unknown god here.
You cannot tell which god this altar belongs to.
Convert to them anyway?
Makhleb accepts your prayer! Makhleb welcomes you!
You can now gain health from killing.
Unknown command.
Press < or > to pray at altars.
There is a huge open gate here.
There is a huge open gate here.
There is a staircase leading out of the dungeon here.
You can't go down here!
Are you sure you want to leave the Dungeon?
This will make you lose the game!
You have escaped!

#.#.#.#.#.#.#.#...#
#...............##.#
......#..........#.#
##.......#.......##.#
#.....#....#......#.#
##......(....#...##.######
#....#.#.#.#...#..#.......
##...............######...
#...#..#.@.#..#...# #.##
##...............## #..#
#..#...#.#.#.#....# ##..
##...#...........## ##.
#......#....#.....# ##
##.......#.......## ##.
#######..........#......# ##..
#.....##...............######...
##.###...#.#.#.#.#.#.#.#.........


There were no monsters in sight!

Vanquished Creatures
  A ball python (D:1)
  2 endoplasms (D:1)
  A hobgoblin (D:1)
  2 kobolds (D:1)
6 creatures vanquished.

Notes
Turn   | Place    | Note
-------+----------+-------------------------------------------
     0 | D:1      | AarnesTheHuman the Barachi Fighter began the quest for the
                  | Orb.
     0 | D:1      | Reached XP level 1. HP: 18/18 MP: 1/1
   200 | D:1      | Reached XP level 2. HP: 23/25 MP: 2/2
   231 | D:1      | Found a faded altar of an unknown god.
   258 | D:1      | Became a worshipper of Makhleb the Destroyer
   258 | D:1      | Reached * piety under Makhleb
   277 | D:$      | Got out of the dungeon alive.

Illustrated notes

Levels and vault maps discovered:
D:1:      co_arrival_square_in_a_square_in_a_square, layout_basic,
          hellmonk_ecumenical_altar_heavens_door, grunt_decor_arrowhead

Action                   || total
-------------------------++-------
Melee: Long sword        ||    12
Armor: Scale mail        ||     1
Dodge: Dodged            ||     6
Block: Kite shield       ||     4
       Rpst.: Long sword ||     3
